 Dungeon Crawl Stone Soup version 0.29.0-4-gdea44cf6ec (webtiles) character file.

Game seed: 4354635725490009091

36628 qw the Severer (level 13, -1/122 HPs)
             Began as a Minotaur Berserker on Sept 10, 2022.
             Was an Elder of Trog.
             Slain by a dream sheep (4 damage)
             ... summoned by a boggart
             ... on level 5 of the Lair of Beasts.
             The game lasted 00:05:28 (16372 turns).

qw the Severer (Minotaur Berserker)                Turns: 16372, Time: 00:05:29

Health: -1/122     AC: 31    Str: 28    XL:     13   Next: 54%
Magic:  12/12      EV:  8    Int:  4    God:    Trog [****..]
Gold:   367        SH: 16    Dex:  9    Spells: 12/12 levels left

rFire   . . .      SeeInvis .   Y - +1 war axe (flame)
rCold   . . .      Faith    .   x - +0 kite shield {reflect}
rNeg    + + .      Spirit   .   s - +0 plate armour
rPois   .          Reflect  +   j - +2 hat
rElec   .          Harm     .   d - +1 cloak
rCorr   .          Rampage  .   k - +0 pair of gloves of the Carpenter {rN++}
Will    .....                   c - +0 pair of boots
Stlth   ..........              g - amulet of reflection
HPRegen 0.30/turn               o - +4 ring of protection
MPRegen 0.13/turn               l - +4 ring of protection

@: on berserk cooldown, slowed, very slow
A: horns 2, retaliatory headbutt
a: Renounce Religion, Berserk, Trog's Hand, Brothers in Arms


You were on level 5 of the Lair of Beasts.
You worshipped Trog.
Trog was greatly pleased with you.
You visited 2 branches of the dungeon, and saw 15 of its levels.

You collected 576 gold pieces.
You spent 209 gold pieces at shops.


Innate Abilities, Weirdness & Mutations

You have a pair of horns on your head.
You reflexively headbutt those who attack you in melee.


   Skills:
 - Level 13.1 Fighting
 - Level 16.0 Axes
 - Level 5.0 Throwing
 + Level 12.7 Armour
 - Level 4.3 Dodging
 - Level 13.4 Shields


You had 12 spell levels left.
You didn't know any spells.
Your spell library was empty.

Inventory:

Hand Weapons
 Y - a +1 war axe of flaming (weapon)
Missiles
 a - 12 boomerangs (quivered)
Armour
 b - the +4 scale mail "Moxupper" {rPois rC- Str+4}
   (You acquired it on level 2 of the Dungeon)

   Str:       It affects your strength (+4).
   rC:        It makes you vulnerable to cold.
   rPois:     It protects you from poison.
 c - a +0 pair of boots (worn)
 d - a +1 cloak (worn)
 j - a +2 hat (worn)
 k - the +0 pair of gloves of the Carpenter (worn) {rN++}
   (You acquired it on level 4 of the Dungeon)

   rN:        It greatly protects you from negative energy.
 s - a +0 plate armour (worn)
 x - a +0 kite shield of reflection (worn)
Jewellery
 g - an amulet of reflection (around neck)
 l - a +4 ring of protection (right hand)
 m - a ring of protection from fire
 o - a +4 ring of protection (left hand)
Scrolls
 f - 8 scrolls of identify
Potions
 e - 4 potions of might
 h - a potion of resistance
 i - 3 potions of haste
 p - 2 potions of curing
 t - 2 potions of mutation

Dungeon Overview and Level Annotations

Branches:
Dungeon (10/15)            Temple (0/1) D:5            Lair (5/5) D:10
  Swamp (0/4) Lair:3       Spider (0/4) Lair:3        Slime (0/5) Lair:4
    Orc: D:9-12

Altars:
Cheibriados
Dithmenos
Uskayaw

Shops:
D:1 ?   D:3 *   D:6 ?   D:7 ?   D:8 :

Annotations:
D:7 1 runed translucent door, qw's ghost, novice DsCA


Message History

You are exhausted.
You feel yourself slow down.
A boggart is nearby!
Throw: 12 boomerangs
Press: ? - help, Q - select action Shift-Dir - straight line, f - boggart You throw a boomerang.
The boomerang hits the boggart!
The boggart is heavily wounded.
The boggart gestures wildly while chanting.
You barely miss the dream sheep. You closely miss the dream sheep.
The dream sheep bites you but does no damage.
The dream sheep shake their wool and sparkle.
You feel drowsy...
You fall asleep.
The dream sheep bites you!
You wake up.
The dream sheep bites you but does no damage.
You barely miss the dream sheep. You headbutt the dream sheep!
The dream sheep is moderately wounded.
You slash the dream sheep! You burn the dream sheep.
You kill the dream sheep!
The dream sheep's corpse dissolves into shadows!
The dream sheep bites you but does no damage.
You slash the dream sheep! You burn the dream sheep.
The dream sheep is severely wounded.
The boggart mumbles some strange words.
The boggart blinks!
You hit the dream sheep. You burn the dream sheep.
You kill the dream sheep!
The dream sheep's corpse dissolves into shadows!
The dream sheep shake their wool and sparkle.
You feel drowsy...
You fall asleep.
The dream sheep bites you!!
You wake up.
You slice the dream sheep!! You burn the dream sheep!
You kill the dream sheep!
The dream sheep's corpse dissolves into shadows!
You block the dream sheep's attack.
You barely miss the dream sheep. The dream sheep completely misses you.
You slice the dream sheep!! You burn the dream sheep.
The dream sheep is almost dead.
The dream sheep bites you.
You die...

...
7..7.......7
...
7..7.......7
..# 7..
777.....7
7.. 77)).77
.. 77)...7
..7 7YYg..7
77Y77..7
77Y7777.7


7@%7 ..7 7..77 7.7 77).7 .7 7..7 7.7 77.7 .. 7.77 .7 7).77.77 77..%..7 7..7....7
You could see 4 dream sheep and a boggart.

Vanquished Creatures
  Gastronok (Lair:2)
  Kirke (Lair:4)
  Nessos (Lair:5)
  Josephine (Lair:4)
  A hydra (Lair:2)
  A death yak (Lair:4)
  A tengu warrior (D:8)
  Pikel (D:8)
  An ugly thing (D:8)
  2 oklob plants
  5 elephants (Lair:1)
  2 black mambas
  3 torpor snails (Lair:2)
  6 cane toads
  4 komodo dragons
  A gargoyle (D:8)
  A rime drake (Lair:4)
  3 polar bears (Lair:5)
  6 hornets
  9 blink frogs
  Grinder (D:3)
  A dream sheep (Lair:5)
  A shadow (D:10)
  16 spriggans (Lair:5)
  4 wraiths
  4 wyverns
  2 basilisks
  27 yaks
  7 hogs
  3 steam dragons
  3 redbacks (Lair:3)
  4 water moccasins
  3 orc warriors
  2 black bears
  An ice beast (D:7)
  A boggart (Lair:5)
  4 ogres
  2 centaurs
  13 wolves (Lair:5)
  A phantom (D:7)
  A kobold brigand (D:8)
  Blork the orc (D:4)
  A gnoll sergeant (D:8)
  6 bullfrogs
  3 necrophages (D:7)
  2 scorpions
  11 wights
  25 killer bees
  7 howler monkeys
  2 hounds (D:6)
  7 orc priests
  2 jellies
  2 gnoll boudas
  Ijyb (D:3)
  4 iguanas
  10 orc wizards
  6 hell rats (Lair:4)
  Robin (D:2)
  14 gnolls
  10 adders
  2 shadow imps
  An ufetubus (D:4)
  2 worms (D:4)
  A dart slug (D:5)
  49 orcs
  13 endoplasms
  A giant cockroach (D:4)
  15 goblins
  2 hobgoblins (D:2)
  10 jackals
  21 kobolds
  4 quokkas
  3 ball pythons
  6 bats
  A frilled lizard (D:1)
  5 rats
403 creatures vanquished.

Vanquished Creatures (collateral kills)
  2 death yaks (Lair:4)
  2 oklob plants (Lair:4)
  A blink frog (Lair:4)
  A wraith (Lair:4)
  An orc warrior (D:10)
  2 howler monkeys (D:10)
  An orc (D:10)
10 creatures vanquished.

Vanquished Creatures (others)
  10 fungi
  20 plants
  9 toadstools (D:2)
39 creatures vanquished.

Grand Total: 452 creatures vanquished

Notes
Turn   | Place    | Note
-------+----------+-------------------------------------------
     0 | D:1      | qw the Minotaur Berserker began the quest for the Orb.
     0 | D:1      | Reached XP level 1. HP: 19/19 MP: 0/0
     0 | D:1      | 0 ||| qw: Version: 0.1-a-116-g5d60599
     0 | D:1      | 0 ||| qw: Game counter: 7429
     0 | D:1      | 0 ||| qw: Always use a shield: true
     0 | D:1      | 0 ||| qw: Do Orc after D:15 true
     0 | D:1      | 0 ||| qw: Do second Lair branch before Depths: true
     0 | D:1      | 0 ||| qw: Lair rune preference: random
     0 | D:1      | 0 ||| qw: Plans: Normal
     0 | D:1      | 0 ||| PLANNING D:1-11
   152 | D:1      | Reached skill level 4 in Axes
   360 | D:1      | Reached XP level 2. HP: 26/26 MP: 1/1
   473 | D:1      | Found Idelio's Magic Scroll Boutique.
   477 | D:1      | 477 ||| SHOPLISTING 2 scrolls of acquirement (1352 gold,
                  | have 36).
   477 | D:1      | 477 ||| BUYING scroll of identify (26 gold).
   477 | D:1      | Bought a scroll of identify for 26 gold pieces
   477 | D:1      | 477 ||| SHOPLISTING scroll of identify (26 gold, have 10).
   779 | D:1      | 779 ||| UPGRADING to +0 ring mail.
   789 | D:1      | 789 ||| DROPPING +0 animal skin.
   790 | D:1      | 790 ||| READING 2 scrolls labelled NISUIF IFINA.
   795 | D:1      | 795 ||| READING 2 scrolls of identify.
   795 | D:1      | 795 ||| IDENTIFYING lumpy white potion
   965 | D:2      | 965 ||| Stepping ~*~*~tactically~*~*~ (stealth).
   967 | D:2      | Reached skill level 5 in Axes
   967 | D:2      | 967 ||| Stepping ~*~*~tactically~*~*~ (stealth).
   976 | D:2      | Reached XP level 3. HP: 26/31 MP: 2/2
  1095 | D:2      | 1095 ||| DROPPING +0 club.
  1119 | D:2      | 1119 ||| INVOKING Berserk.
  1124 | D:2      | Reached skill level 6 in Axes
  1124 | D:2      | Reached XP level 4. HP: 39/39 MP: 3/3
  1362 | D:2      | 1362 ||| Stepping ~*~*~tactically~*~*~ (stealth).
  1366 | D:2      | Reached ** piety under Trog
  1665 | D:2      | Noticed Robin
  1670 | D:2      | 1670 ||| INVOKING Berserk.
  1673 | D:2      | Killed Robin
  1693 | D:2      | 1693 ||| Stepping ~*~*~tactically~*~*~ (stealth).
  2130 | D:2      | 2130 ||| READING scroll labelled TAMPOOSU KEQOI.
  2130 | D:2      | Identified a scroll of acquirement
  2130 | D:2      | 2130 ||| ACQUIRING +4 scale mail "Moxupper" {rPois rC-
                  | Str+4}
  2130 | D:2      | Acquired the +4 scale mail "Moxupper" {rPois rC- Str+4}
  2132 | D:2      | 2132 ||| UPGRADING to +4 scale mail "Moxupper" {rPois rC-
                  | Str+4}.
  2142 | D:2      | 2142 ||| DROPPING +0 ring mail.
  2143 | D:2      | 2143 ||| READING scroll labelled VUUSAT VEAHUI.
  2144 | D:2      | 2144 ||| READING scroll labelled NUROPR VOKH.
  2145 | D:2      | 2145 ||| READING scroll labelled FEMEEWUDEIL.
  2206 | D:3      | Found a faded altar of an unknown god.
  2327 | D:3      | Found Rogrukk's Assorted Antiques.
  2341 | D:3      | Reached XP level 5. HP: 45/45 MP: 4/4
  2341 | D:3      | Noticed Ijyb
  2343 | D:3      | 2343 ||| INVOKING Berserk.
  2345 | D:3      | Killed Ijyb
  2346 | D:3      | Reached skill level 7 in Axes
  2482 | D:3      | 2482 ||| Stepping ~*~*~tactically~*~*~ (stealth).
  2505 | D:3      | Found a shadowy altar of Dithmenos.
  2574 | D:3      | Found a hide-covered altar of Uskayaw.
  2590 | D:3      | Noticed Grinder
  2596 | D:3      | 2596 ||| INVOKING Trog's Hand.
  2597 | D:3      | 2597 ||| INVOKING Berserk.
  2609 | D:3      | Killed Grinder
  2610 | D:3      | Reached skill level 6 in Fighting
  2610 | D:3      | Reached XP level 6. HP: 49/57 MP: 5/5
  3012 | D:3      | 3012 ||| BUYING 2 viscous orange potions (50 gold).
  3012 | D:3      | Bought 2 viscous orange potions for 50 gold pieces
  3012 | D:3      | 3012 ||| SHOPLISTING potion of cancellation (224 gold, have
                  | 61).
  3012 | D:3      | 3012 ||| BUYING scroll labelled HIANEM OHIOL (28 gold).
  3012 | D:3      | Bought a scroll labelled HIANEM OHIOL for 28 gold pieces
  3012 | D:3      | 3012 ||| SHOPLISTING scroll of identify (56 gold, have 33).
  3111 | D:3      | 3111 ||| UPGRADING to ring of resist corrosion.
  3112 | D:3      | 3112 ||| READING scroll labelled HAREP DYXIARGH.
  3113 | D:3      | 3113 ||| READING scroll labelled JAAHOU EGOUDEE.
  3114 | D:3      | 3114 ||| READING scroll labelled WADDOILAOSCH.
  3115 | D:3      | 3115 ||| READING scroll labelled HIANEM OHIOL.
  3116 | D:3      | 3116 ||| DRINKING 2 viscous orange potions.
  3217 | D:3      | 3217 ||| READING 5 scrolls of identify.
  3217 | D:3      | 3217 ||| IDENTIFYING bubbling clear potion
  3218 | D:3      | 3218 ||| READING 4 scrolls of identify.
  3218 | D:3      | 3218 ||| IDENTIFYING amethyst potion
  3219 | D:3      | 3219 ||| READING 3 scrolls of identify.
  3219 | D:3      | 3219 ||| IDENTIFYING fuming coppery potion
  3220 | D:3      | 3220 ||| READING 2 scrolls of identify.
  3220 | D:3      | 3220 ||| IDENTIFYING glowing cyan potion
  3221 | D:3      | 3221 ||| DROPPING potion of degeneration.
  3222 | D:3      | 3222 ||| DROPPING potion of ambrosia.
  3259 | D:4      | 3259 ||| STAIRDANCE
  3266 | D:4      | 3266 ||| STAIRDANCE
  3276 | D:4      | 3276 ||| STAIRDANCE
  3287 | D:4      | 3287 ||| STAIRDANCE
  3298 | D:4      | 3298 ||| DROPPING +0 whip.
  3320 | D:4      | 3320 ||| READING scroll of acquirement.
  3320 | D:4      | 3320 ||| ACQUIRING +0 pair of gloves of the Carpenter
                  | {rN++}
  3320 | D:4      | Acquired the +0 pair of gloves of the Carpenter {rN++}
  3322 | D:4      | 3322 ||| UPGRADING to +0 pair of gloves of the Carpenter
                  | {rN++}.
  3379 | D:4      | 3379 ||| Stepping ~*~*~tactically~*~*~ (stealth).
  3410 | D:4      | 3410 ||| DROPPING +0 flail.
  3483 | D:4      | 3483 ||| Stepping ~*~*~tactically~*~*~ (stealth).
  3485 | D:4      | 3485 ||| Stepping ~*~*~tactically~*~*~ (stealth).
  3489 | D:4      | 3489 ||| Stepping ~*~*~tactically~*~*~ (stealth).
  3508 | D:4      | 3508 ||| Stepping ~*~*~tactically~*~*~ (stealth).
  3520 | D:4      | Noticed Blork the orc
  3523 | D:4      | 3523 ||| INVOKING Berserk.
  3526 | D:4      | Killed Blork the orc
  3527 | D:4      | Reached skill level 8 in Axes
  3672 | D:4      | Reached XP level 7. HP: 63/63 MP: 6/6
  3879 | D:4      | 3879 ||| INVOKING Berserk.
  4024 | D:4      | Reached skill level 9 in Axes
  4069 | D:4      | 4069 ||| SWAPPING to +0 war axe.
  4070 | D:4      | 4070 ||| DROPPING +1 hand axe.
  4161 | D:4      | 4161 ||| Stepping ~*~*~tactically~*~*~ (stealth).
  4217 | D:4      | 4217 ||| READING 2 scrolls of identify.
  4217 | D:4      | 4217 ||| IDENTIFYING puce potion
  4245 | D:5      | Entered Level 5 of the Dungeon
  4306 | D:5      | 4306 ||| Stepping ~*~*~tactically~*~*~ (stealth).
  4319 | D:5      | 4319 ||| INVOKING Berserk.
  4323 | D:5      | Found a staircase to the Ecumenical Temple.
  4452 | D:5      | Reached *** piety under Trog
  4455 | D:5      | Identified the +5 mace of the Original Sin {vorpal, Will+
                  | Dex+3}
  4510 | D:5      | Reached skill level 10 in Axes
  4560 | D:5      | 4560 ||| INVOKING Berserk.
  4767 | D:5      | 4767 ||| Stepping ~*~*~tactically~*~*~ (hiding).
  4772 | D:5      | 4772 ||| INVOKING Berserk.
  4914 | D:5      | 4914 ||| SWAPPING to +0 war axe of flaming.
  4915 | D:5      | 4915 ||| DROPPING +0 morningstar.
  4916 | D:5      | 4916 ||| DROPPING +0 war axe.
  5126 | D:5      | 5126 ||| UPGRADING to amulet of regeneration.
  5131 | D:5      | 5131 ||| UPGRADING to +4 ring of protection.
  5132 | D:5      | 5132 ||| READING scroll labelled VUAPLEALUY.
  5133 | D:5      | 5133 ||| READING 2 scrolls of identify.
  5133 | D:5      | 5133 ||| IDENTIFYING fizzy grey potion
  5134 | D:5      | 5134 ||| DROPPING potion of attraction.
  5174 | D:6      | Found Destrux's Magic Scroll Shoppe.
  5178 | D:6      | 5178 ||| BUYING scroll of enchant armour (105 gold).
  5178 | D:6      | Bought a scroll of enchant armour for 105 gold pieces
  5178 | D:6      | 5178 ||| SHOPLISTING scroll of identify (28 gold, have 7).
  5178 | D:6      | 5178 ||| SHOPLISTING scroll of teleportation (42 gold, have
                  | 7).
  5184 | D:6      | 5184 ||| INVOKING Berserk.
  5188 | D:6      | Reached XP level 8. HP: 70/70 MP: 7/7
  5190 | D:6      | Reached skill level 11 in Axes
  5191 | D:6      | Reached skill level 3 in Armour
  5220 | D:6      | Reached skill level 12 in Axes
  5366 | D:6      | You fall into a shaft and drop 2 floors!
  5388 | D:8      | 5388 ||| INVOKING Berserk.
  5508 | D:8      | Found Jyluc's Self-Improvement Boutique.
  5533 | D:8      | Noticed Pikel
  5534 | D:8      | 5534 ||| Stepping ~*~*~tactically~*~*~ (stealth).
  5537 | D:8      | 5537 ||| INVOKING Berserk.
  5543 | D:8      | Killed Pikel
  5544 | D:8      | Reached skill level 13 in Axes
  5544 | D:8      | Reached XP level 9. HP: 79/79 MP: 8/8
  5691 | D:8      | Noticed a tengu warrior
  5694 | D:8      | Noticed a gargoyle
  5698 | D:8      | 5698 ||| Stepping ~*~*~tactically~*~*~ (hiding).
  5705 | D:8      | HP: 19/79 [tengu warrior/+0 great sword of distortion (26)]
  5706 | D:8      | 5706 ||| READING scroll of teleportation.
  5707 | D:8      | 5707 ||| DRINKING potion of heal wounds.
  5708 | D:8      | 5708 ||| INVOKING Berserk.
  5710 | D:8      | Killed a tengu warrior
  5712 | D:8      | Killed a gargoyle
  5884 | D:8      | 5884 ||| INVOKING Berserk.
  5891 | D:8      | Reached **** piety under Trog
  5892 | D:8      | Reached skill level 3 in Dodging
  6004 | D:8      | 6004 ||| DROPPING +0 chain mail.
  6005 | D:8      | 6005 ||| DRINKING 2 fuming golden potions.
  6006 | D:8      | 6006 ||| DROPPING potion of magic.
  6116 | D:7      | Found Ditabic's Magic Scroll Emporium.
  6125 | D:7      | 6125 ||| SHOPLISTING scroll of enchant armour (112 gold,
                  | have 36).
  6125 | D:7      | 6125 ||| SHOPLISTING scroll of teleportation (45 gold, have
                  | 36).
  6158 | D:7      | Noticed qw's ghost (novice DsCA)
  6161 | D:7      | Found a runed translucent door.
  6165 | D:7      | 6165 ||| Stepping ~*~*~tactically~*~*~ (stealth).
  6167 | D:7      | 6167 ||| Stepping ~*~*~tactically~*~*~ (stealth).
  6178 | D:7      | Reached skill level 14 in Axes
  6255 | D:7      | 6255 ||| INVOKING Berserk.
  6257 | D:7      | Reached XP level 10. HP: 88/88 MP: 9/9
  6266 | D:7      | 6266 ||| DRINKING 3 potions of curing.
  6266 | D:7      | 6266 ||| (to cure confusion)
  6295 | D:7      | 6295 ||| Stepping ~*~*~tactically~*~*~ (cloud).
  6297 | D:7      | 6297 ||| Stepping ~*~*~tactically~*~*~ (cloud).
  6423 | D:7      | 6423 ||| DROPPING amulet of magic regeneration.
  6424 | D:7      | 6424 ||| READING 4 scrolls of identify.
  6424 | D:7      | 6424 ||| IDENTIFYING glowing golden potion
  6425 | D:7      | 6425 ||| READING 3 scrolls of identify.
  6425 | D:7      | 6425 ||| IDENTIFYING fizzy pink potion
  6426 | D:7      | 6426 ||| READING 2 scrolls of identify.
  6426 | D:7      | 6426 ||| IDENTIFYING pink potion
  6427 | D:7      | 6427 ||| DROPPING potion of lignification.
  6428 | D:7      | 6428 ||| DROPPING potion of berserk rage.
  6934 | D:8      | 6934 ||| Stepping ~*~*~tactically~*~*~ (hiding).
  6946 | D:8      | 6946 ||| Stepping ~*~*~tactically~*~*~ (hiding).
  6950 | D:8      | Reached ***** piety under Trog
  6951 | D:8      | Reached skill level 15 in Axes
  7024 | D:8      | 7024 ||| Stepping ~*~*~tactically~*~*~ (hiding).
  7038 | D:8      | Reached skill level 9 in Fighting
  7121 | D:8      | 7121 ||| Stepping ~*~*~tactically~*~*~ (hiding).
  7124 | D:8      | 7124 ||| INVOKING Berserk.
  7132 | D:8      | 7132 ||| Stepping ~*~*~tactically~*~*~ (cloud).
  7374 | D:8      | Noticed a brown ugly thing
  7383 | D:8      | Killed a brown ugly thing
  7908 | D:8      | 7908 ||| UPGRADING to +4 ring of protection.
  7910 | D:8      | 7910 ||| DROPPING ring of resist corrosion.
  7911 | D:8      | 7911 ||| READING scroll labelled EMYZOA TOZE.
  8009 | D:9      | 8009 ||| Stepping ~*~*~tactically~*~*~ (stealth).
  8171 | D:9      | Reached skill level 16 in Axes
  8178 | D:9      | 8178 ||| Stepping ~*~*~tactically~*~*~ (stealth).
  8184 | D:9      | 8184 ||| Stepping ~*~*~tactically~*~*~ (hiding).
  8187 | D:9      | 8187 ||| INVOKING Berserk.
  8489 | D:9      | Received a gift from Trog
  8505 | D:9      | 8505 ||| INVOKING Berserk.
  9084 | D:9      | 9084 ||| UPGRADING to +0 cloak.
  9089 | D:9      | 9089 ||| DROPPING +3 chain mail.
  9090 | D:9      | 9090 ||| UPGRADING to +0 plate armour.
  9100 | D:9      | 9100 ||| UPGRADING to +0 kite shield of reflection.
  9105 | D:9      | 9105 ||| READING scroll of enchant armour.
  9105 | D:9      | 9105 ||| ENCHANTING +0 cloak.
  9106 | D:9      | 9106 ||| UPGRADING to amulet of reflection.
  9116 | D:9      | 9116 ||| DROPPING amulet of regeneration.
  9117 | D:9      | 9117 ||| READING scroll labelled ZAXIESHRIOWN.
  9140 | D:10     | Entered Level 10 of the Dungeon
  9209 | D:10     | Reached skill level 1 in Shields
  9268 | D:10     | Noticed an oklob plant
  9269 | D:10     | 9269 ||| INVOKING Brothers in Arms.
  9271 | D:10     | Found a staircase to the Lair.
  9274 | D:10     | 9274 ||| INVOKING Berserk.
  9277 | D:10     | Killed an oklob plant
  9278 | D:10     | Reached skill level 3 in Shields
  9278 | D:10     | Reached XP level 11. HP: 100/100 MP: 10/10
  9695 | D:10     | 9695 ||| Stepping ~*~*~tactically~*~*~ (stealth).
  9709 | D:10     | 9709 ||| Stepping ~*~*~tactically~*~*~ (stealth).
  9871 | D:10     | Reached skill level 6 in Shields
 10181 | D:10     | 10181 ||| PLANNING LAIR
 10181 | D:10     | 10181 ||| DROPPING +4 ring of evasion.
 10207 | Lair:1   | Entered Level 1 of the Lair of Beasts
 10208 | Lair:1   | 10208 ||| INVOKING Berserk.
 10335 | Lair:1   | 10335 ||| Stepping ~*~*~tactically~*~*~ (stealth).
 10370 | Lair:1   | 10370 ||| READING scroll of enchant weapon.
 10370 | Lair:1   | 10370 ||| ENCHANTING +0 war axe of flaming.
 10376 | Lair:1   | 10376 ||| INVOKING Berserk.
 10538 | Lair:1   | 10538 ||| Stepping ~*~*~tactically~*~*~ (stealth).
 10539 | Lair:1   | 10539 ||| Stepping ~*~*~tactically~*~*~ (stealth).
 10540 | Lair:1   | 10540 ||| Stepping ~*~*~tactically~*~*~ (stealth).
 10559 | Lair:1   | Reached skill level 6 in Armour
 10810 | Lair:1   | 10810 ||| INVOKING Berserk.
 10812 | Lair:1   | Reached skill level 9 in Shields
 11366 | Lair:1   | 11366 ||| READING 2 scrolls of identify.
 11366 | Lair:1   | 11366 ||| IDENTIFYING yellow potion
 11367 | Lair:1   | 11367 ||| DROPPING potion of flight.
 11402 | Lair:2   | 11402 ||| STAIRDANCE
 11407 | Lair:2   | 11407 ||| STAIRDANCE
 11463 | Lair:2   | Noticed Gastronok
 11464 | Lair:2   | 11464 ||| Stepping ~*~*~tactically~*~*~ (hiding).
 11466 | Lair:2   | 11466 ||| Stepping ~*~*~tactically~*~*~ (hiding).
 11471 | Lair:2   | 11471 ||| INVOKING Berserk.
 11478 | Lair:2   | Killed Gastronok
 11621 | Lair:2   | 11621 ||| INVOKING Berserk.
 11805 | Lair:2   | 11805 ||| FLEEEEING.
 11807 | Lair:2   | 11807 ||| INVOKING Berserk.
 11925 | Lair:2   | 11925 ||| FLEEEEING.
 11927 | Lair:2   | 11927 ||| FLEEEEING.
 11928 | Lair:2   | 11928 ||| FLEEEEING.
 11929 | Lair:2   | 11929 ||| FLEEEEING.
 11930 | Lair:2   | 11930 ||| FLEEEEING.
 11931 | Lair:2   | 11931 ||| FLEEEEING.
 11932 | Lair:2   | 11932 ||| INVOKING Berserk.
 12064 | Lair:2   | Found a snail-covered altar of Cheibriados.
 12262 | Lair:2   | Reached XP level 12. HP: 106/106 MP: 11/11
 12408 | Lair:2   | 12408 ||| Stepping ~*~*~tactically~*~*~ (hiding).
 12505 | Lair:2   | 12505 ||| FLEEEEING.
 12506 | Lair:2   | 12506 ||| FLEEEEING.
 12508 | Lair:2   | 12508 ||| FLEEEEING.
 12511 | Lair:2   | 12511 ||| FLEEEEING.
 12512 | Lair:2   | 12512 ||| INVOKING Berserk.
 12655 | Lair:2   | Noticed an eight-headed hydra
 12656 | Lair:2   | 12656 ||| INVOKING Berserk.
 12663 | Lair:2   | Killed a three-headed hydra
 12764 | Lair:2   | 12764 ||| UPGRADING to +2 hat.
 12769 | Lair:2   | 12769 ||| READING 4 scrolls of identify.
 12769 | Lair:2   | 12769 ||| IDENTIFYING smoky golden potion
 12770 | Lair:2   | 12770 ||| DROPPING potion of brilliance.
 12835 | Lair:3   | Identified the ring of Fuma {Ice Int+3}
 12868 | Lair:3   | Found a staircase to the Swamp.
 12889 | Lair:3   | 12889 ||| Stepping ~*~*~tactically~*~*~ (stealth).
 12902 | Lair:3   | Reached skill level 9 in Armour
 12985 | Lair:3   | Found a hole to the Spider Nest.
 13271 | Lair:3   | 13271 ||| DRINKING potion of cancellation.
 13787 | Lair:3   | 13787 ||| DROPPING ring of Fuma {Ice Int+3}.
 13804 | Lair:4   | Noticed Kirke
 13805 | Lair:4   | 13805 ||| INVOKING Trog's Hand.
 13809 | Lair:4   | 13809 ||| STAIRDANCE
 13823 | Lair:4   | 13823 ||| INVOKING Berserk.
 13826 | Lair:4   | Reached skill level 12 in Shields
 13828 | Lair:4   | Killed Kirke
 13834 | Lair:4   | 13834 ||| STAIRDANCE
 14026 | Lair:4   | 14026 ||| INVOKING Berserk.
 14197 | Lair:4   | 14197 ||| INVOKING Berserk.
 14368 | Lair:4   | Noticed Josephine
 14369 | Lair:4   | Noticed a death yak
 14372 | Lair:4   | 14372 ||| INVOKING Brothers in Arms.
 14374 | Lair:4   | Noticed a death yak
 14374 | Lair:4   | 14374 ||| INVOKING Berserk.
 14374 | Lair:4   | Noticed a death yak
 14379 | Lair:4   | Killed Josephine
 14380 | Lair:4   | Reached skill level 12 in Fighting
 14380 | Lair:4   | Killed a death yak
 14386 | Lair:4   | Killed a death yak
 14389 | Lair:4   | Killed a death yak
 14420 | Lair:4   | 14420 ||| INVOKING Berserk.
 14502 | Lair:4   | 14502 ||| FLEEEEING.
 14505 | Lair:4   | 14505 ||| FLEEEEING.
 14511 | Lair:4   | 14511 ||| Stepping ~*~*~tactically~*~*~ (stealth).
 14522 | Lair:4   | Reached XP level 13. HP: 118/118 MP: 12/12
 14594 | Lair:4   | Found a staircase to the Slime Pits.
 14595 | Lair:4   | 14595 ||| INVOKING Brothers in Arms.
 14598 | Lair:4   | 14598 ||| INVOKING Berserk.
 14821 | Lair:4   | Identified the +1 leather armour "Paucrioh" {-Tele rElec
                  | Dex+4}
 15339 | Lair:4   | 15339 ||| UPGRADING to +0 pair of boots.
 15370 | Lair:5   | Entered Level 5 of the Lair of Beasts
 15372 | Lair:5   | 15372 ||| STAIRDANCE
 15383 | Lair:5   | 15383 ||| INVOKING Berserk.
 15391 | Lair:5   | 15391 ||| STAIRDANCE
 15530 | Lair:5   | 15530 ||| INVOKING Berserk.
 15664 | Lair:5   | 15664 ||| FLEEEEING.
 15679 | Lair:5   | 15679 ||| Stepping ~*~*~tactically~*~*~ (stealth).
 15717 | Lair:5   | 15717 ||| INVOKING Berserk.
 15794 | Lair:5   | Noticed Nessos
 15802 | Lair:5   | Killed Nessos
 15803 | Lair:5   | Reached skill level 12 in Armour
 15856 | Lair:5   | 15856 ||| Stepping ~*~*~tactically~*~*~ (stealth).
 15872 | Lair:5   | 15872 ||| INVOKING Berserk.
 16007 | Lair:5   | 16007 ||| Stepping ~*~*~tactically~*~*~ (stealth).
 16009 | Lair:5   | 16009 ||| Stepping ~*~*~tactically~*~*~ (stealth).
 16025 | Lair:5   | 16025 ||| INVOKING Berserk.
 16175 | Lair:5   | 16175 ||| Stepping ~*~*~tactically~*~*~ (hiding).
 16178 | Lair:5   | 16178 ||| INVOKING Berserk.
 16204 | Lair:5   | 16204 ||| Stepping ~*~*~tactically~*~*~ (stealth).
 16230 | Lair:5   | HP: 23/122 [death yak[a boggart] (8)]
 16231 | Lair:5   | 16231 ||| READING 3 scrolls of teleportation.
 16231 | Lair:5   | HP: 6/122 [death yak[a boggart] (16)]
 16232 | Lair:5   | 16232 ||| DRINKING 4 potions of heal wounds.
 16233 | Lair:5   | 16233 ||| DRINKING 3 potions of heal wounds.
 16238 | Lair:5   | HP: 29/122 [basilisk (2)]
 16239 | Lair:5   | 16239 ||| READING 2 scrolls of teleportation.
 16240 | Lair:5   | 16240 ||| DRINKING 2 potions of heal wounds.
 16248 | Lair:5   | 16248 ||| INVOKING Berserk.
 16266 | Lair:5   | HP: 27/122 [death yak (8)]
 16267 | Lair:5   | 16267 ||| READING scroll of teleportation.
 16267 | Lair:5   | HP: 2/122 [death yak (13)]
 16268 | Lair:5   | 16268 ||| DRINKING potion of heal wounds.
 16275 | Lair:5   | HP: 21/122 [wolf (3)]
 16279 | Lair:5   | HP: 5/122 [wolf (8)]
 16333 | Lair:5   | 16333 ||| Stepping ~*~*~tactically~*~*~ (stealth).
 16349 | Lair:5   | 16349 ||| INVOKING Berserk.
 16364 | Lair:5   | HP: 19/122 [dream sheep[a boggart] (12)]
 16369 | Lair:5   | HP: 2/122 [dream sheep[a boggart] (19)]
 16372 | Lair:5   | Slain by a dream sheep

Levels and vault maps discovered:
D:1:      wheals_arrival_linesprint, layout_loops_ring, serial_shops, shop
D:2:      cheibrodos_fertilizer, layout_loops_ring, uniq_robin
D:3:      layout_loops_ring, mainiacjoe_overflow_catch_the_wave,
          basic_ecumenical_altar, serial_shops, nicolae_shop_overgrown_old_shop,
          uniq_ijyb, uniq_grinder
D:4:      layout_basic, hangedman_decor_diamond_cutter, uniq_blork_the_orc
D:5:      layout_basic, minmay_temple_entry_steel_oval,
          kennysheep_generic_room_13
D:6:      layout_rooms, serial_shops, nicolae_shop_hallway_stairs
D:7:      layout_basic, hellmonk_ghost_happy_afterlife, serial_shops,
          nicolae_square_shop, st_stairs_9
D:8:      minmay_cornered_nines, layout_cave_pods, nicolae_shop_self_help,
          uniq_pikel
D:9:      layout_gridville, nicolae_water_bricks, roderic_lattice_a
D:10:     layout_basic, dpeg_oklobed_lair
Lair:1:   layout_chaotic_city
Lair:2:   layout_regular_city, kennysheep_snail_temple, lemuel_fruit_fields,
          uniq_gastronok
Lair:3:   layout_cave_shapes, swamp_mist, spider_nest_entry_webs,
          serial_bayou_shore_b
Lair:4:   layout_cave_pods, minmay_slime_entry_oklob_open, uniq_kirke,
          uniq_josephine
Lair:5:   minmay_lair_end_enchanted_forest, layout_loops_ring,
          nzn_sisyphean_effort, uniq_nessos

Skill      XL: |  1  2  3  4  5  6  7  8  9 10 11 12 13 |
---------------+----------------------------------------+-----
Axes           | 4 5 6 7 8 10 13 14 16 | 16.0
Fighting       | 6 7 8 10 12 13 | 13.1
Armour         | 3 4 8 11 12 | 12.7
Throwing       | 4 5 |  5.0
Dodging        | 3 4 |  4.3
Shields        | 3 10 12 13 | 13.4

Action                   |  1- 3 |  4- 6 |  7- 9 | 10-12 | 13-15 || total
-------------------------+-------+-------+-------+-------+-------++-------
Melee: Hand axe          |    55 |   135 |    22 |       |       ||   212
       Headbutt          |     9 |    17 |    28 |    85 |    30 ||   169
       War axe           |       |       |   171 |   430 |   185 ||   786
       Punch             |       |       |     3 |     3 |       ||     6
Throw: Javelin           |       |       |    12 |    59 |    10 ||    81
       Boomerang         |       |       |       |    31 |    16 ||    47
Invok: Berserk           |     1 |     4 |    10 |    18 |     9 ||    42
       Trog's Hand       |       |     1 |       |     1 |       ||     2
       Brothers in Arms  |       |       |       |     2 |     1 ||     3
  Use: Scroll            |     2 |    13 |     4 |     9 |     3 ||    31
       Potion            |       |     1 |     2 |     2 |     4 ||     9
Armor: Animal skin       |     3 |       |       |       |       ||     3
       Ring mail         |    13 |    16 |       |       |       ||    29
       Scale mail        |       |    37 |   100 |    71 |       ||   208
       Plate armour      |       |       |       |   126 |    67 ||   193
Dodge: Dodged            |    31 |    65 |    92 |   111 |    40 ||   339
Block: Kite shield       |       |       |       |   202 |   144 ||   346
       Reflection        |       |       |       |     1 |       ||     1

Table legend:
 A = Non-vault XP
 B = Vault XP
 C = Vault XP percentage of total XP
 D = Non-vault monster count
 E = Vault monster count
 F = Vault count percentage of total count
                 A         B        C        D         E       F
            +---------+---------+-------+---------+---------+-------
      Total |   29923 |   22403 |  42.8 |     316 |      97 |  23.5
            +---------+---------+-------+---------+---------+-------
        D:1 |      19 |       0 |   0.0 |      12 |       0 |   0.0
        D:2 |      51 |     105 |  67.3 |      19 |      27 |  58.7
        D:3 |     133 |     296 |  69.0 |      22 |       2 |   8.3
        D:4 |     223 |      94 |  29.7 |      26 |       1 |   3.7
        D:5 |     465 |       0 |   0.0 |      14 |       0 |   0.0
        D:6 |     803 |       0 |   0.0 |      23 |       0 |   0.0
        D:7 |    1867 |     214 |  10.3 |      32 |       2 |   5.9
        D:8 |    1757 |    2403 |  57.8 |      46 |       4 |   8.0
        D:9 |    1791 |       0 |   0.0 |      17 |       0 |   0.0
       D:10 |    2393 |     557 |  18.9 |      30 |       1 |   3.2
     Lair:1 |    5414 |       0 |   0.0 |      19 |       0 |   0.0
     Lair:2 |    1931 |    2897 |  60.0 |       6 |       4 |  40.0
     Lair:3 |    3022 |     929 |  23.5 |      13 |       5 |  27.8
     Lair:4 |    8132 |    5441 |  40.1 |      30 |      13 |  30.2
     Lair:5 |    1922 |    9467 |  83.1 |       7 |      38 |  84.4
            +---------+---------+-------+---------+---------+-------
